 Dungeon Crawl Stone Soup version 0.31-a0-435-g2c6fae2916 (webtiles) character file.

Game seed: 1514811065767652836

295 cforsyth the Charlatan (level 6, 0/47 HPs)
             Began as a Gnoll Artificer on Aug 1, 2023.
             Slain by an orc
             ... wielding a +3 short sword
              (1 damage)
             ... on level 5 of the Dungeon.
             The game lasted 00:04:43 (4251 turns).

cforsyth the Charlatan (Gnoll Artificer)            Turns: 4251, Time: 00:04:44

Health: 0/47       AC:  7    Str: 11    XL:     6   Next: 34%
Magic:  9/9        EV: 10    Int: 13    God:
Gold:   241        SH:  8    Dex: 12    Spells: 9/9 levels left

rFire   + . .        o - +1 dagger (venom)
rCold   . . .        g - +0 kite shield
rNeg    . . .        x - +3 leather armour {rF+}
rPois   .            A - +0 helmet
rElec   .            (no cloak)
rCorr   .            (no gloves)
SInv    .            (no boots)
Will    .....        (no amulet)
Stlth   ++           (no ring)
HPRegen 0.27/turn    (no ring)
MPRegen 0.11/turn

%: no passive effects
@: no status effects
A: fangs 1, strong nose, distributed training
a: no special abilities


You were on level 5 of the Dungeon.
You visited 1 branch of the dungeon, and saw 5 of its levels.

You collected 241 gold pieces.

Inventory:

Hand Weapons
 a - a +0 club
 o - a +1 dagger of venom (weapon)
 r - a +1 mace of holy wrath
 y - a +2 short sword of speed
Armour
 b - a +0 leather armour
 g - a +0 kite shield (worn)
 i - a +0 scale mail
 x - a +3 leather armour of fire resistance (worn)
 A - a +0 helmet (worn)
Wands
 c - a wand of flame (15) (quivered)
 d - a wand of charming (15)
 e - a wand of iceblast (5)
Scrolls
 f - 3 scrolls of teleportation {unknown}
 h - a scroll of poison {unknown}
 j - a scroll of enchant weapon {unknown}
 k - 2 scrolls of identify {unknown}
 p - a scroll of torment {unknown}
 q - a scroll of vulnerability {unknown}
 s - a scroll of brand weapon {unknown}
 u - a scroll of revelation {unknown}
 v - a scroll of noise {unknown}
 z - a scroll of fear {unknown}
 C - 2 scrolls of enchant armour {unknown}
 D - a scroll of immolation {unknown}
 E - 3 scrolls of silence {unknown}
Potions
 l - 2 potions of heal wounds {unknown}
 m - 4 potions of curing {unknown}
 n - 2 potions of enlightenment {unknown}
 t - 3 potions of brilliance {unknown}
 w - a potion of magic {unknown}
 B - a potion of mutation {unknown}


   Skills:
 + Level 3.2 Fighting
 + Level 2.0 Short Blades
 + Level 2.0 Long Blades
 + Level 2.0 Axes
 + Level 2.0 Maces & Flails
 + Level 2.0 Polearms
 + Level 2.0 Staves
 + Level 2.0 Ranged Weapons
 + Level 2.0 Throwing
 + Level 5.0 Armour
 + Level 3.2 Dodging
 + Level 3.1 Stealth
 + Level 2.0 Shields
 + Level 2.0 Unarmed Combat
 + Level 2.0 Spellcasting
 + Level 1.5 Conjurations
 + Level 1.5 Hexes
 + Level 1.5 Summonings
 + Level 1.5 Necromancy
 + Level 1.5 Translocations
 + Level 1.5 Transmutations
 + Level 1.5 Fire Magic
 + Level 1.5 Ice Magic
 + Level 1.5 Air Magic
 + Level 1.5 Earth Magic
 + Level 1.5 Poison Magic
 + Level 2.1 Invocations
 + Level 6.8 Evocations
 + Level 1.5 Shapeshifting


You had 9 spell levels left.
You didn't know any spells.
Your spell library contained the following spells:

 Spells                   Type           Power      Damage    Failure   Level
 Foxfire                  Conj/Fire      20%        2x1d5     61%         1
 Vhi's Electric Charge    Tloc/Air       10%        N/A       93%         3
 Arcjolt                  Conj/Air       2%         1d12      100%        5
 Plasma Beam              Fire/Air       2%         2x1d12    100%        6
 Starburst                Conj/Fire      2%         6d3       100%        6


Dungeon Overview and Level Annotations

Branches:
Dungeon (5/15)
 Temple: D:4-7

Altars:

Annotations:
D:5 2 runed translucent doors


Innate Abilities, Weirdness & Mutations

You have very sharp teeth.
Your uncanny sense of smell can sniff out nearby items.
Your experience applies equally to all skills.


Message History

The orc throws a boomerang.
You block the boomerang. The orc hits you but does no damage.
You closely miss the orc. The orc closely misses you.
You block the orc's attack.
The orc priest shouts!
You hit the orc.
The orc is heavily wounded.
The orc hits you with a +0 falchion.
You closely miss the orc priest.
The orc priest mumbles some strange prayers to Beogh against you.
Pain shoots through your body! The orc closely misses you.
The orc hits you with a +3 short sword.
You hit the orc priest but do no damage.
The orc wizard closely misses you.
The orc priest calls down the wrath of Beogh upon you.
Beogh smites you! The orc barely misses you.
The orc hits you with a +3 short sword.
You hit the orc priest.
The orc priest is poisoned.
The orc priest is moderately wounded.
The orc wizard hits you with a +0 dagger.
The orc closely misses you. The orc hits you but does no damage.
You hit the orc priest but do no damage.
The orc priest looks as sick as possible!
The orc priest is moderately wounded.
You block the orc wizard's attack.
The orc priest mumbles some strange prayers to Beogh against you.
You barely resist. The orc misses you. You block the orc's attack.
The orc hits you but does no damage.
You completely miss the orc priest.
The orc priest is heavily wounded.
You block the orc wizard's attack. The orc completely misses you.
You block the orc's attack. The orc barely misses you.
The orc priest closely misses you.
The orc wizard hits you but does no damage.
The orc hits you but does no damage. The orc misses you.
The orc priest calls down the wrath of Beogh upon you.
Pain shoots through your body!
* * * LOW HITPOINT WARNING * * *
The orc hits you with a +3 short sword.
You die...

#.. .......#
#...........#
#...........+
#...........#
#....##.....#
#....##.....#
#......oo...#
#......@o...#
#......oo...#
#....##.....#
##'####+##### #
#...........# . #
#...........# .. +
#....##.....# ... #
#....##.....#####....
#
#....##...<.#.......#
#


You could see an orc priest (extremely poisoned), an orc wizard and 3 orcs.

Vanquished Creatures
  A scorpion (D:4)
  2 orc wizards (D:4)
  Robin (D:4)
  6 adders
  A white imp (D:5)
  A worm (D:2)
  3 dart slugs
  11 orcs
  3 ball pythons
  3 bats
  9 endoplasms
  2 giant cockroaches
  7 hobgoblins
  4 jackals (D:4)
  11 kobolds
  3 quokkas (D:3)
  A frilled lizard (D:1)
  13 goblins
  7 rats
89 creatures vanquished.

Notes
Turn   | Place    | Note
-------+----------+-------------------------------------------
     0 | D:1      | cforsyth the Gnoll Artificer began the quest for the Orb.
     0 | D:1      | Reached XP level 1. HP: 17/17 MP: 1/1
   205 | D:1      | Reached XP level 2. HP: 17/23 MP: 2/2
   974 | D:2      | Reached XP level 3. HP: 22/28 MP: 2/4
  1298 | D:2      | Reached skill level 1 in Invocations
  1479 | D:3      | Reached skill level 1 in Short Blades
  1479 | D:3      | Reached skill level 1 in Long Blades
  1479 | D:3      | Reached skill level 1 in Axes
  1479 | D:3      | Reached skill level 1 in Maces & Flails
  1479 | D:3      | Reached skill level 1 in Polearms
  1479 | D:3      | Reached skill level 1 in Staves
  1479 | D:3      | Reached skill level 1 in Ranged Weapons
  1479 | D:3      | Reached skill level 1 in Throwing
  1479 | D:3      | Reached skill level 1 in Shields
  1479 | D:3      | Reached skill level 1 in Unarmed Combat
  1479 | D:3      | Reached skill level 1 in Spellcasting
  1622 | D:3      | Reached XP level 4. HP: 34/34 MP: 5/5
  2125 | D:3      | Reached skill level 1 in Conjurations
  2125 | D:3      | Reached skill level 1 in Hexes
  2125 | D:3      | Reached skill level 1 in Summonings
  2125 | D:3      | Reached skill level 1 in Necromancy
  2125 | D:3      | Reached skill level 1 in Translocations
  2125 | D:3      | Reached skill level 1 in Transmutations
  2125 | D:3      | Reached skill level 1 in Fire Magic
  2125 | D:3      | Reached skill level 1 in Ice Magic
  2125 | D:3      | Reached skill level 1 in Air Magic
  2125 | D:3      | Reached skill level 1 in Earth Magic
  2125 | D:3      | Reached skill level 1 in Poison Magic
  2125 | D:3      | Reached skill level 1 in Shapeshifting
  2843 | D:4      | Noticed Robin
  2872 | D:4      | Killed Robin
  2873 | D:4      | Reached XP level 5. HP: 25/40 MP: 5/7
  3475 | D:4      | Reached XP level 6. HP: 21/47 MP: 8/8
  3832 | D:5      | Entered Level 5 of the Dungeon
  3979 | D:5      | Reached skill level 5 in Armour
  4125 | D:5      | Found a large runed translucent door.
  4126 | D:5      | Found a large runed translucent door.
  4251 | D:5      | HP: 1/47 [orc priest/nerve-wracking pain (14)]
  4251 | D:5      | Slain by an orc

Illustrated notes

Levels and vault maps discovered:
D:1:      minmay_arrival_stone_box, layout_loops_ring, nicolae_hexahallways
D:2:      layout_rooms
D:3:      minmay_inner_zag, layout_basic, minmay_misc_feat_x
D:4:      layout_loops_corners, uniq_robin
D:5:      layout_gridville, jmf_multi_god_temple2,
          minmay_temple_entry_nine_rooms

Skill      XL: |  1  2  3  4  5  6 |
---------------+-------------------+-----
Invocations    | 1 2 |  2.1
Short Blades   | 1 2 |  2.0
Long Blades    | 1 2 |  2.0
Axes           | 1 2 |  2.0
Maces & Flails | 1 2 |  2.0
Polearms       | 1 2 |  2.0
Staves         | 1 2 |  2.0
Ranged Weapons | 1 2 |  2.0
Throwing       | 1 2 |  2.0
Shields        | 1 2 |  2.0
Unarmed Combat | 1 2 |  2.0
Spellcasting   | 1 2 |  2.0
Conjurations   | 1 |  1.5
Hexes          | 1 |  1.5
Summonings     | 1 |  1.5
Necromancy     | 1 |  1.5
Translocations | 1 |  1.5
Transmutations | 1 |  1.5
Fire Magic     | 1 |  1.5
Ice Magic      | 1 |  1.5
Air Magic      | 1 |  1.5
Earth Magic    | 1 |  1.5
Poison Magic   | 1 |  1.5
Shapeshifting  | 1 |  1.5
Fighting       | 3 |  3.2
Dodging        | 3 |  3.2
Stealth        | 3 |  3.1
Armour         | 5 |  5.0
Evocations     | |  6.8

Action                     |  1- 3 |  4- 6 || total
---------------------------+-------+-------++-------
  Melee: Club              |    92 |       ||    92
         Bite              |     9 |    15 ||    24
         Punch             |     2 |     2 ||     4
         Dagger            |    39 |   187 ||   226
   Stab: Sleeping          |     1 |     4 ||     5
 Armour: Leather armour    |     7 |    81 ||    88
         Scale mail        |    51 |    10 ||    61
  Dodge: Dodged            |    55 |    93 ||   148
  Block: Kite shield       |       |    35 ||    35

Table legend: (Time is in decaauts)
 A = Elapsed time spent in this place.
 B = Non-inter-level travel time spent in this place.
 C = Inter-level travel time spent in this place.
 D = Time resting spent in this place.
 E = Time spent auto-exploring this place.
 F = Levels seen in this place.
 G = Mean time per level.
                   A        B        C        D        E       F      G
               +--------+--------+--------+--------+--------+-----+--------+
         Total |   4288 |   4030 |    258 |     76 |   3248 |   5 |  857.6 |
       Dungeon |   4288 |   4030 |    258 |     76 |   3248 |   5 |  857.6 |
               +--------+--------+--------+--------+--------+-----+--------+

Top non-repeatable levels by time:
     D:4: 1264 daAuts
     D:3: 1109 daAuts
     D:1: 951 daAuts
     D:2: 539 daAuts
     D:5: 423 daAuts
